 Dungeon Crawl Stone Soup version 0.21.1-1-g345015f (webtiles) character file.

7569 infcreate the Cleaver (level 10, -1/90 HPs)
             Began as a Minotaur Fighter on May 28, 2018.
             Was a Priest of Trog.
             Slain by Jaiteiro's ghost (22 damage)
             ... on level 9 of the Dungeon.
             The game lasted 00:38:42 (10052 turns).

infcreate the Cleaver (Minotaur Fighter)           Turns: 10052, Time: 00:38:43

Health: -1/90      AC: 14    Str: 25    XL:     10   Next: 97%
Magic:  18/18      EV:  7    Int:  5    God:    Trog [***...]
Gold:   671        SH: 12    Dex:  9    Spells: 9/9 levels left

rFire    . . .     SeeInvis +   a - +0 war axe
rCold    . . .     Gourm    .   c - +0 shield
rNeg     . . .     Faith    .   y - +0 chain mail
rPois    .         Spirit   .   r - +1 hat
rElec    .         Reflect  .   (no cloak)
rCorr    .         Harm     .   B - +0 pair of gloves
MR       .....                  (no boots)
Stlth    ..........             (no amulet)
HPRegen  0.25/turn              l - ring of magical power
MPRegen  0.16/turn              C - ring of see invisible

@: no status effects
A: retaliatory headbutt, horns 2
a: Berserk, Trog's Hand, Burn Spellbooks, Renounce Religion


You were on level 9 of the Dungeon.
You worshipped Trog.
Trog was most pleased with you.
You were hungry.

You visited 1 branch of the dungeon, and saw 9 of its levels.
You also visited: Ossuary.

You collected 671 gold pieces.

Inventory:

Hand Weapons
 a - a +0 war axe (weapon)
Armour
 c - a +0 shield (worn)
 r - a +1 hat (worn)
 y - a +0 chain mail (worn)
 B - a +0 pair of gloves (worn)
Jewellery
 i - an uncursed ring of resist corrosion
 l - a ring of magical power (left hand)
 C - a ring of see invisible (right hand)
 H - an uncursed ring of fire
Wands
 E - a wand of digging (15)
Scrolls
 b - a scroll of enchant weapon {unknown}
 e - 2 scrolls of remove curse
 h - 6 scrolls of identify
 j - 6 scrolls of teleportation
 k - 2 scrolls of blinking {unknown}
 n - 2 scrolls of noise
 o - a scroll of enchant armour {unknown}
 t - a scroll of immolation {unknown}
 u - 3 scrolls of fog
 w - 3 scrolls of magic mapping {unknown}
 A - a scroll of summoning {unknown}
 D - 2 scrolls of amnesia {unknown}
 G - a scroll of vulnerability {unknown}
 I - a scroll of random uselessness {unknown}
Potions
 d - 2 potions of might
 g - 2 potions of lignification
 m - 5 potions of magic
 p - a potion of resistance
 q - a potion of cancellation {unknown}
 s - a potion of berserk rage
 v - 4 potions of agility
 x - 2 potions of heal wounds {unknown}
 z - 3 potions of flight
 F - a potion of ambrosia {unknown}
Comestibles
 f - 11 rations
 J - 4 chunks of flesh


   Skills:
 + Level 8.8 Fighting
 + Level 12.9 Axes
 + Level 10.0 Armour
 + Level 10.0 Shields


You had 9 spell levels left.
You didn't know any spells.

Dungeon Overview and Level Annotations

Branches:
Dungeon (9/15)             Temple (0/1) D:4
   Lair: D:8-11         Orc: D:9-12

Altars:
Ashenzari
Dithmenos
Elyvilon
Nemelex Xobeh
Trog
Uskayaw
Xom

Shops:
D:4 !   D:8 :

Annotations:
D:9 Jaiteiro's ghost, journeyman TrMo


Innate Abilities, Weirdness & Mutations

You reflexively headbutt those who attack you in melee.
You have a pair of horns on your head.


Message History

You closely miss Jaiteiro's ghost.
Jaiteiro's ghost is heavily damaged.
Jaiteiro's ghost hits you!
You slice Jaiteiro's ghost!! Your headbutt misses Jaiteiro's ghost.
Jaiteiro's ghost is severely damaged.
Jaiteiro's ghost hits you!!
You hit Jaiteiro's ghost.
Jaiteiro's ghost is almost destroyed.
You block Jaiteiro's ghost's attack.
You miss Jaiteiro's ghost. You headbutt Jaiteiro's ghost!
Jaiteiro's ghost is almost destroyed.
Jaiteiro's ghost hits you!
* * * LOW HITPOINT WARNING * * *
You closely miss Jaiteiro's ghost. Your headbutt misses Jaiteiro's ghost.
Jaiteiro's ghost is almost destroyed.
Jaiteiro's ghost barely misses you.
You hit Jaiteiro's ghost but do no damage.
Jaiteiro's ghost is almost destroyed.
Jaiteiro's ghost hits you!!
You die...

#..............
#..............
#..............
#..............
#.........########
#.........#......#
#####.....#......#
#.....#.W....#
#.....#@######
#...[.†........
#..............
...........!....)
..................
......8.....####..
.........#'## .
............
##..... ..


You could see Jaiteiro's ghost.

Vanquished Creatures
  2 two-headed ogres
  Psyche (D:8)
  A queen bee (D:8)
  Grinder (D:6)
  6 yaks (D:9)
  A hungry ghost (D:8)
  An ice beast (D:8)
  An orc warrior (D:6)
  4 sky beasts
  3 black bears
  2 ogres
  A phantom (D:8)
  A centaur (D:6)
  2 big kobolds
  3 elf zombies (Ossuary)
  2 bullfrogs (D:6)
  3 scorpions
  30 killer bees
  5 wights (D:7)
  4 crimson imps (D:5)
  2 hounds
  4 human zombies (Ossuary)
  2 centaur zombies
  A jelly (D:5)
  5 orc wizards
  A bullfrog zombie (D:6)
  2 orc priests
  2 bullfrog skeletons (D:5)
  A centaur skeleton (D:8)
  5 worker ants
  A hound zombie (D:6)
  3 hound skeletons
  2 mummies (Ossuary)
  A worker ant zombie (D:7)
  11 gnolls
  10 adders
  3 shadow imps
  An ooze (D:3)
  2 adder zombies (Ossuary)
  An adder skeleton (D:5)
  3 worms
  3 dart slugs
  6 leopard geckos
  21 orcs
  6 bats
  4 giant cockroaches
  7 goblins
  9 hobgoblins
  7 jackals (D:6)
  4 quokkas
  3 ball pythons
  3 frilled lizards (D:1)
  9 hobgoblin zombies (Ossuary)
  16 kobolds
  11 kobold zombies (Ossuary)
  3 leopard gecko skeletons
  8 orc zombies (Ossuary)
  3 rats
260 creatures vanquished.

Notes
Turn   | Place    | Note
-------+----------+-------------------------------------------
     0 | D:1      | infcreate the Minotaur Fighter began the quest for the Orb.
     0 | D:1      | Reached XP level 1. HP: 19/19 MP: 0/0
    73 | D:1      | Reached XP level 2. HP: 23/27 MP: 1/1
   600 | D:1      | Reached XP level 3. HP: 30/33 MP: 2/2
   721 | D:2      | Reached skill level 3 in Axes
  1274 | D:2      | Reached XP level 4. HP: 40/40 MP: 3/3
  1736 | D:3      | Reached skill level 4 in Axes
  2138 | D:3      | Reached XP level 5. HP: 37/47 MP: 4/4
  2485 | D:4      | Reached skill level 5 in Axes
  2485 | D:4      | Reached skill level 5 in Armour
  2570 | D:4      | Reached skill level 5 in Shields
  2570 | D:4      | Reached XP level 6. HP: 25/53 MP: 5/5
  2735 | D:4      | Found a sand-covered staircase.
  2749 | Ossuary  | Entered an ossuary
  2940 | Ossuary  | Reached skill level 6 in Axes
  3022 | Ossuary  | Reached XP level 7. HP: 36/60 MP: 6/6
  3037 | Ossuary  | Reached skill level 5 in Fighting
  3043 | Ossuary  | Reached skill level 7 in Axes
  3482 | D:4      | Found Vopaihynk's Distillery.
  3491 | D:4      | Found a bloodstained altar of Trog.
  3491 | D:4      | Found a shattered altar of Ashenzari.
  3494 | D:4      | Became a worshipper of Trog the Wrathful
  3554 | D:4      | Found a shadowy altar of Dithmenos.
  3596 | D:4      | Found a staircase to the Ecumenical Temple.
  3667 | D:5      | Entered Level 5 of the Dungeon
  3699 | D:5      | Found a shimmering altar of Xom.
  4105 | D:5      | Reached skill level 8 in Axes
  4228 | D:5      | Reached XP level 8. HP: 50/69 MP: 7/7
  4852 | D:6      | Found a hide-covered altar of Uskayaw.
  4852 | D:6      | Found a faded altar of an unknown god.
  4859 | D:6      | Found a faded altar of an unknown god.
  4861 | D:6      | Found a white marble altar of Elyvilon.
  4862 | D:6      | Found a sparkling altar of Nemelex Xobeh.
  4915 | D:6      | Noticed Grinder
  4916 | D:6      | Paralysed by Grinder for 4 turns
  4957 | D:6      | Paralysed by Grinder for 6 turns
  4963 | D:6      | Killed Grinder
  4963 | D:6      | Reached skill level 9 in Axes
  5114 | D:6      | Reached * piety under Trog
  5492 | D:6      | Reached skill level 10 in Axes
  5669 | D:7      | Reached XP level 9. HP: 78/78 MP: 8/8
  5744 | D:7      | You fall through a shaft!
  5746 | D:8      | Noticed Psyche
  5979 | D:8      | Noticed a two-headed ogre
  6055 | D:7      | Reached ** piety under Trog
  6320 | D:7      | Reached skill level 11 in Axes
  6688 | D:8      | Killed a two-headed ogre
  6814 | D:8      | Killed Psyche
  6814 | D:8      | Reached XP level 10. HP: 76/88 MP: 9/9
  6973 | D:8      | Reached skill level 12 in Axes
  6976 | D:8      | Found Bewi's Book Shop.
  7086 | D:9      | Noticed Jaiteiro's ghost (journeyman TrMo)
  8051 | D:8      | HP: 6/132 [poisoned by a killer bee]
  8057 | D:8      | HP: 5/132 [poisoned by a killer bee]
  8063 | D:8      | HP: 6/132 [poisoned by a killer bee]
  8520 | D:8      | Reached *** piety under Trog
  9808 | D:9      | Identified the cursed +0 ring mail of the Moneychanger {rC+ rN+ MR+ Int+4} (You found it on level 9 of the Dungeon)
  9969 | D:9      | Noticed a two-headed ogre
  9990 | D:9      | Killed a two-headed ogre
  9990 | D:9      | Reached skill level 10 in Armour
  9990 | D:9      | Reached skill level 10 in Shields
 10052 | D:9      | Slain by Jaiteiro's ghost

Skill      XL: |  1  2  3  4  5  6  7  8  9 10 |
---------------+-------------------------------+-----
Armour         | 4 5 7 8 10 | 10.0
Fighting       | 4 5 6 7 8 |  8.8
Shields        | 4 5 6 8 10 | 10.0
Axes           | 3 4 5 6 8 10 11 12 | 12.9

Action                   |  1- 3 |  4- 6 |  7- 9 | 10-12 || total
-------------------------+-------+-------+-------+-------++-------
Melee: War axe           |   100 |   180 |   333 |   238 ||   851
       Headbutt          |     8 |    36 |    51 |    38 ||   133
Invok: Burn Spellbooks   |       |       |     3 |       ||     3
       Berserk           |       |       |     2 |     4 ||     6
  Use: Scroll            |     2 |     1 |     2 |     4 ||     9
       Potion            |       |       |       |     8 ||     8
  Eat: Chunk             |     1 |     5 |     9 |     4 ||    19
       Ration            |       |       |     2 |     3 ||     5
Armor: Scale mail        |    34 |    75 |     8 |       ||   117
       Chain mail        |       |       |   141 |   171 ||   312
       Skin              |       |       |       |     2 ||     2
Dodge: Dodged            |    37 |    41 |    82 |    97 ||   257
Block: Shield            |    55 |    93 |   157 |   229 ||   534
